 Dungeon Crawl Stone Soup version 0.30.0 (webtiles) character file.

Game seed: 12785366575311856191

23488 MarshyFox the Slayer (level 13, -2/104 HPs)
             Began as a Gargoyle Fighter on Oct 4, 2023.
             Was a High Priest of Nemelex Xobeh.
             Slain by an azure jelly (16 damage)
             ... on level 1 of the Swamp.
             The game lasted 02:27:41 (15269 turns).

MarshyFox the Slayer (Gargoyle Fighter)            Turns: 15269, Time: 02:27:42

Health: -2/104     AC: 42    Str: 23    XL:     13   Next: 7%
Magic:  13/13      EV:  6    Int: 15    God:    Nemelex Xobeh [*****.]
Gold:   787        SH:  0    Dex: 11    Spells: 12/12 levels left

rFire   . . .        A - +7 staff of the Meek {protect, meekguard}
rCold   . . .        (shield currently unavailable)
rNeg    + + .        g - +0 plate armour
rPois   ∞            v - +0 helmet
rElec   +            H - +0 cloak
rCorr   .            Y - +3 pair of gloves "Geacidapn" {rElec Regen+}
SInv    .            K - +0 pair of boots
Will    .....        w - amulet of faith Stlth
                     N - +6 ring of intelligence
HPRegen 1.17/turn    e - ring of positive energy
MPRegen 0.13/turn

%: faith
@: under a protective aura, very slow
A: sickness immunity, AC +9, negative energy resistance 1, electricity
resistance, torment resistance 1, petrification resistance
a: Renounce Religion, Draw Escape, Draw Destruction, Draw Summoning, Triple
Draw, Deal Four, Stack Five


You were on level 1 of the Swamp.
You worshipped Nemelex Xobeh.
Nemelex Xobeh was extremely pleased with you.
You visited 5 branches of the dungeon, and saw 16 of its levels.
You also visited: Bailey.

You collected 1122 gold pieces.
You spent 335 gold pieces at shops.

Inventory:

Hand Weapons
 a - a +2 scimitar of flaming
 i - a +1 whip of venom
 n - the +9 great mace "Igel" {venom, *Noise rPois rF+ rN+}
   (You took it off an orc knight in a bailey)

   rF:        It protects you from fire.
   rPois:     It protects you from poison.
   rN:        It protects you from negative energy.
   *Noise:    It may make noises in combat.
 A - the +7 staff of the Meek (weapon) {protect, meekguard}
   (You found it on level 3 of the Dungeon)
 U - a +0 antimagic hand axe
 X - a +1 whip of freezing
Missiles
 k - 97 stones
 s - 18 boomerangs
Armour
 c - a +0 buckler
 g - a +0 plate armour (worn)
 j - the +18 Lear's hauberk
   (You found it on level 9 of the Dungeon)
 q - a +2 scale mail of cold resistance
 v - a +0 helmet (worn)
 H - a +0 cloak (worn)
 I - a +0 tower shield
 K - a +0 pair of boots (worn)
 M - a -2 hat
 W - the +6 chain mail "Diypi" {rN+}
   (You found it on level 10 of the Dungeon)

   rN:        It protects you from negative energy.
 Y - the +3 pair of gloves "Geacidapn" (worn) {rElec Regen+}
   (You bought it in a shop on level 4 of the Dungeon)

   rElec:     It insulates you from electricity.
   Regen:     It increases your rate of health regeneration.
Jewellery
 e - a ring of positive energy (right hand)
 w - an amulet of faith (around neck)
 B - an amulet of the acrobat
 N - a +6 ring of intelligence (left hand)
Scrolls
 d - a scroll of immolation
 h - 2 scrolls of teleportation
 l - 4 scrolls of identify
 t - a scroll of brand weapon
 C - 6 scrolls of fog (quivered)
 G - 2 scrolls of torment {unknown}
 L - 3 scrolls of vulnerability
 O - 2 scrolls of blinking
 P - 4 scrolls of amnesia
 Q - 5 scrolls of fear
 R - 2 scrolls of poison {unknown}
 S - a scroll of magic mapping {unknown}
 V - a scroll of enchant weapon {unknown}
Potions
 b - 2 potions of cancellation
 f - 2 potions of brilliance {unknown}
 m - 2 potions of berserk rage {unknown}
 o - a potion of ambrosia
 p - 4 potions of lignification {unknown}
 r - a potion of magic {unknown}
 u - 4 potions of heal wounds {unknown}
 x - 14 potions of degeneration
 z - 3 potions of mutation {unknown}
 D - a potion of might
 E - 2 potions of haste {unknown}
 F - 2 potions of resistance {unknown}
 J - 9 potions of curing
 T - 3 potions of flight {unknown}
 Z - 2 potions of attraction {unknown}


   Skills:
 * Level 21.6 Fighting
 - Level 2.0(7.8) Maces & Flails
 + Level 11.8(11.9) Staves
 - Level 3.2 Armour
 - Level 3.2 Shields


You had 12 spell levels left.
You didn't know any spells.
Your spell library contained the following spells:

 Spells                   Type           Power      Damage    Failure   Level
 Beastly Appendage        Tmut           0%         N/A       99%         1
 Ensorcelled Hibernation  Hex/Ice        0%         N/A       100%        2
 Passwall                 Tmut/Erth      0%         N/A       100%        2
 Wereblood                Tmut           0%         N/A       100%        2
 Spider Form              Tmut/Pois      0%         N/A       100%        3
 Stone Arrow              Conj/Erth      0%         3d7       100%        3
 Swiftness                Air            0%         N/A       100%        3
 Volatile Blastmotes      Fire/Tloc      0%         2d10      100%        3
 Animate Armour           Summ/Erth      0%         N/A       100%        4
 Fulminant Prism          Conj/Hex       0%         3d5       100%        4
 Iskenderun's Mystic Bla  Conj/Tloc      0%         2d3       100%        4
 Summon Ice Beast         Ice/Summ       0%         N/A       100%        4
 Lee's Rapid Deconstruct  Erth           0%         3d4*      100%        5
 Summon Forest            Summ/Tloc      0%         N/A       100%        5
 Summon Mana Viper        Hex/Summ       0%         N/A       100%        5
 Summon Cactus Giant      Summ           0%         N/A       100%        6
 Monstrous Menagerie      Summ           0%         N/A       100%        7
 Lehudib's Crystal Spear  Conj/Erth      0%         10d2      100%        8


Dungeon Overview and Level Annotations

Branches:
Dungeon (11/15)            Temple (1/1) D:4            Lair (2/5) D:11
  Swamp (1/4) Lair:2          Orc (1/2) D:11         Bailey (visited)
  Snake: Lair:2-3    Spider: Lair:2-3

Altars:
Ashenzari
Cheibriados
Dithmenos
Elyvilon
Fedhas
Gozag
Hepliaklqana
Kikubaaqudgha
Makhleb
Nemelex Xobeh
Okawaru
Qazlal
Ru
Sif Muna
Trog
Uskayaw
Vehumet
Wu Jian
Xom
Yredelemnul
Zin
The Shining One

Shops:
D:4 [:[*

Annotations:
D:3 1 runed translucent door, 2 exclusions, BogsyCalzone's ghost, weakling DECj
D:8 3 transporters


Innate Abilities, Weirdness & Mutations

You are immune to sickness and miasma.
Your stone body is resilient. (AC +9)
You are immune to poison.
You resist negative energy. (rN+)
You are resistant to electric shocks. (rElec)
You are resistant to unholy torment.
You are immune to petrification.


Message History

The azure jelly hits you but does no damage.
Your unstable footing causes you to fumble your attack.
The merfolk completely misses you. The azure jelly barely misses you.
The azure jelly hits you but does no damage. x3
You thump the merfolk!
The merfolk is severely wounded.
Your unstable footing causes you to fumble your attack.
The azure jelly hits you but does no damage. x4
The merfolk hits you but does no damage.
Your unstable footing causes you to fumble your attack.
The azure jelly hits you. The azure jelly freezes you!
The azure jelly hits you but does no damage. x3
The merfolk hits you but does no damage.
You draw a card...
You have drawn the Rangers.
A vampire mosquito comes into view.
The azure jelly hits you but does no damage. x2
The azure jelly completely misses you.
The azure jelly hits you but does no damage.
The merfolk closely misses you.
The vampire mosquito moves out of view.
You are too injured to fight recklessly!
You are too injured to fight recklessly!
You draw a card...
You have drawn Wild Magic.
The merfolk is covered in a thin layer of ice!
The azure jelly is blasted with sand.
You feel a surge of magic.
The azure jelly hits you but does no damage. x3
The azure jelly hits you.
Your centaur warrior wields a +0 longbow.
Your centaur warrior shoots an arrow.
The arrow hits the merfolk!!
The merfolk dies!
Your centaur warrior closely misses the azure jelly.
Your centaur warrior kicks the azure jelly.
Your centaur warrior hits the azure jelly!
Your centaur warrior kicks the azure jelly.
The azure jelly hits you. The azure jelly freezes you!!
* * * LOW HITPOINT WARNING * * *
The azure jelly hits you.
* * * LOW HITPOINT WARNING * * *
The azure jelly freezes you!
You die...
Your body glows with a rainbow of weird colours and disappears.

♣♣.♣~. ♣.♣~~ ♣... ♣..
♣♣.♣ ♣..♣ ♣♣♣♣♣.~♣♣
.. ♣♣.cJc...♣♣..
♣♣~.~@≈≈~~~.♣~
♣.~≈≈≈≈≈≈≈~....♣
♣~~≈c≈≈≈≈≈§~.~.♣
♣♣.≈~~~..≈≈~..~>♣
♣~~~≈≈~<.≈≈≈~...♣
...~...≈≈≈~.~≈≈≈.♣♣~♣
..~~~~.~≈≈≈≈≈≈≈~..§.♣
~♣~~~~..§≈≈≈≈≈~~.~~
.~§~.~.~.~~≈~~~~♣.~


You could see an azure jelly (misshapen, ally target) and 3 friendly centaur
warriors.

Vanquished Creatures
  2 hydras
  4 two-headed ogres
  A tengu warrior (D:9)
  A skyshark (Lair:1)
  Pikel (D:6)
  4 orc knights
  A harpy (Lair:1)
  An orc sorcerer (Bailey)
  A moth of wrath (D:10)
  A torpor snail (D:10)
  4 cane toads
  3 komodo dragons
  2 kobold demonologists
  A troll (D:11)
  Prince Ribbit (D:8)
  3 blink frogs
  3 dream sheep (D:10)
  13 yaks
  A wraith (D:9)
  A vampire (D:10)
  3 wyverns
  A fire bat (D:10)
  3 basilisks
  A steam dragon (Lair:1)
  A warg (Orc:1)
  A swamp worm (Swamp:1)
  2 acid dragons
  3 water moccasins
  2 swamp drakes
  9 orc warriors
  2 ice beasts
  A black bear (Lair:1)
  A hornet zombie (D:6)
  8 ogres
  A boggart (D:9)
  6 centaurs
  A wolf (Lair:1)
  3 kobold brigands
  3 wyvern zombies (D:6)
  7 bullfrogs
  2 scorpions
  3 water moccasin zombies (D:6)
  A wyvern skeleton (D:6)
  4 wights (D:8)
  11 killer bees
  3 electric eels (Bailey)
  4 howler monkeys
  8 hounds
  A gnoll bouda (D:10)
  6 jellies
  9 orc priests
  A centaur skeleton (D:6)
  2 centaur zombies (D:6)
  Jessica (D:2)
  A bullfrog skeleton (D:6)
  10 orc wizards
  An iguana (D:4)
  A killer bee zombie (D:6)
  A howler monkey zombie (D:6)
  3 gnolls
  9 adders
  A howler monkey skeleton (D:6)
  2 river rats (D:9)
  A shadow imp (D:7)
  3 white imps (D:7)
  An ufetubus (D:6)
  3 worms
  5 dart slugs
  46 orcs
  8 ball pythons
  4 endoplasms
  2 giant cockroaches
  8 goblins
  8 hobgoblins
  A quokka (D:1)
  5 bats
  5 frilled lizards
  22 kobolds
  A rat (D:2)
  A spectral kobold (D:3)
  A bush (Lair:1)
318 creatures vanquished.

Vanquished Creatures (collateral kills)
  Erica (Orc:1)
  A merfolk (Swamp:1)
  3 orc warriors (Bailey)
  A killer bee (D:9)
  2 gnolls (Bailey)
  5 orcs
  A hobgoblin (Bailey)
14 creatures vanquished.

Vanquished Creatures (others)
  An orc warrior (Bailey)
  A killer bee (D:9)
  An orc (Bailey)
  8 fungi
  7 plants
  2 withered plants (D:6)
20 creatures vanquished.

Grand Total: 352 creatures vanquished

Notes
Turn   | Place    | Note
-------+----------+-------------------------------------------
     0 | D:1      | MarshyFox the Gargoyle Fighter began the quest for the Orb.
     0 | D:1      | Reached XP level 1. HP: 14/14 MP: 1/1
   136 | D:1      | Reached XP level 2. HP: 14/20 MP: 2/2
   190 | D:1      | Reached skill level 4 in Fighting
   426 | D:1      | Reached XP level 3. HP: 19/24 MP: 3/3
   732 | D:2      | Noticed Jessica
   747 | D:2      | Killed Jessica
   748 | D:2      | Reached skill level 5 in Fighting
   828 | D:2      | Reached XP level 4. HP: 31/31 MP: 4/4
  1501 | D:2      | Reached skill level 6 in Fighting
  1607 | D:2      | Reached XP level 5. HP: 37/37 MP: 5/5
  2127 | D:3      | Found a runed translucent door.
  2127 | D:3      | Noticed BogsyCalzone's ghost (weakling DECj)
  2128 | D:3      | Found the +7 staff of the Meek {protect, meekguard}
  2270 | D:3      | Found a faded altar of an unknown god.
  2472 | D:3      | Reached skill level 7 in Fighting
  3061 | D:3      | Reached XP level 6. HP: 27/44 MP: 6/6
  3152 | D:3      | HP: 1/44 [orc/+0 dagger (3)]
  3157 | D:3      | HP: 1/44 [orc/+0 dagger (2)]
  3378 | D:4      | Found Otohiss's Antique Armour Shoppe.
  3393 | D:4      | Found Iffil's General Store.
  3434 | D:4      | Found a staircase to the Ecumenical Temple.
  3466 | Temple   | Entered the Ecumenical Temple
  3533 | Temple   | Became a worshipper of Nemelex Xobeh the Trickster
  3651 | D:4      | Found Repyabb's Book Emporium.
  3739 | D:4      | Reached skill level 8 in Fighting
  3775 | D:4      | Found Coq Gaj's Armour Emporium.
  4370 | D:4      | Reached XP level 7. HP: 50/50 MP: 7/7
  4567 | D:5      | Entered Level 5 of the Dungeon
  4592 | D:5      | Reached * piety under Nemelex Xobeh
  4744 | D:5      | Received a gift from Nemelex Xobeh
  4764 | D:5      | Found a snail-covered altar of Cheibriados.
  4833 | D:5      | Reached skill level 1 in Staves
  4967 | D:5      | Reached skill level 9 in Fighting
  5841 | D:6      | Reached XP level 8. HP: 56/57 MP: 8/8
  5920 | D:6      | Reached skill level 10 in Fighting
  5929 | D:6      | Reached ** piety under Nemelex Xobeh
  6032 | D:6      | Found a blossoming altar of Fedhas.
  6210 | D:6      | Reached skill level 11 in Fighting
  6278 | D:6      | Reached XP level 9. HP: 64/64 MP: 9/9
  6298 | D:6      | Reached skill level 5 in Staves
  6450 | D:6      | Noticed Pikel
  6457 | D:6      | Killed Pikel
  6458 | D:6      | Reached skill level 12 in Fighting
  6822 | D:4      | Bought the +3 pair of gloves "Geacidapn" {rElec Regen+} for
                  | 335 gold pieces
  7208 | D:7      | Reached skill level 13 in Fighting
  7581 | D:7      | Reached XP level 10. HP: 73/73 MP: 10/10
  7862 | D:8      | Noticed a two-headed ogre
  7864 | D:8      | Reached skill level 14 in Fighting
  7865 | D:8      | Reached *** piety under Nemelex Xobeh
  7871 | D:8      | Killed a two-headed ogre
  7902 | D:8      | Found a transporter.
  7912 | D:8      | Found a transporter.
  7939 | D:8      | Found a transporter.
  8239 | D:8      | Found an ancient bone altar of Kikubaaqudgha.
  8239 | D:8      | Found a burning altar of Makhleb.
  8239 | D:8      | Noticed Prince Ribbit
  8241 | D:8      | Found a glowing silver altar of Zin.
  8247 | D:8      | Killed Prince Ribbit
  8250 | D:8      | Found an opulent altar of Gozag.
  8396 | D:8      | Found a hazy altar of Hepliaklqana.
  8453 | D:8      | Found a flagged portal.
  8463 | Bailey   | Entered a bailey
  8468 | Bailey   | Received a gift from Nemelex Xobeh
  8602 | Bailey   | Found an iron altar of Okawaru.
  8604 | Bailey   | Noticed an orc sorcerer
  8604 | Bailey   | Identified the +9 great mace "Igel" {venom, *Noise rPois
                  | rF+ rN+}
  8604 | Bailey   | Noticed an orc knight
  8609 | Bailey   | Noticed a rust devil
  8617 | Bailey   | Killed an orc knight
  8618 | Bailey   | Reached skill level 15 in Fighting
  8619 | Bailey   | Killed an orc sorcerer
  8620 | Bailey   | Reached XP level 11. HP: 57/81 MP: 11/11
  8703 | Bailey   | Acquired a manual of Fighting
  8771 | Bailey   | Reached **** piety under Nemelex Xobeh
  8775 | Bailey   | Noticed an orc knight
  8777 | Bailey   | Noticed an orc knight
  8970 | Bailey   | Killed an orc knight
  9081 | Bailey   | Killed an orc knight
  9082 | Bailey   | Reached skill level 16 in Fighting
  9706 | D:8      | Found a transporter.
  9797 | D:8      | Received a gift from Nemelex Xobeh
  9799 | D:8      | You fall into a shaft and drop 2 floors!
  9799 | D:10     | Entered Level 10 of the Dungeon
  9929 | D:9      | Received a gift from Nemelex Xobeh
  9965 | D:9      | Reached skill level 17 in Fighting
 10536 | D:9      | Received a gift from Nemelex Xobeh
 10588 | D:9      | Noticed a tengu warrior
 10608 | D:9      | Killed a tengu warrior
 10663 | D:9      | Found the +18 Lear's hauberk
 10800 | D:9      | Found an ornate altar of the Wu Jian Council.
 10977 | D:9      | Reached ***** piety under Nemelex Xobeh
 10990 | D:9      | Found a bloodstained altar of Trog.
 11118 | D:9      | Received a gift from Nemelex Xobeh
 11339 | D:10     | Reached skill level 18 in Fighting
 11340 | D:10     | Noticed a two-headed ogre
 11347 | D:10     | Noticed a two-headed ogre
 11356 | D:10     | a two-headed ogre changed into a torpor snail
 11356 | D:10     | a two-headed ogre changed into a moth of wrath
 11356 | D:10     | Noticed a moth of wrath
 11365 | D:10     | Killed a moth of wrath
 11381 | D:10     | Reached skill level 10 in Staves
 11654 | D:10     | Identified the +6 chain mail "Diypi" {rN+}
 11797 | D:10     | Noticed a two-headed ogre
 11810 | D:10     | Killed a two-headed ogre
 11948 | D:10     | Reached skill level 19 in Fighting
 11948 | D:10     | Reached XP level 12. HP: 95/95 MP: 12/12
 12286 | D:11     | Received a gift from Nemelex Xobeh
 12521 | D:11     | Found a staircase to the Lair.
 12567 | D:11     | Noticed a two-headed ogre
 12573 | D:11     | Killed a two-headed ogre
 12794 | D:11     | Noticed a two-headed ogre
 12801 | D:11     | Killed a two-headed ogre
 12899 | D:11     | Found a staircase to the Orcish Mines.
 12906 | D:11     | Reached skill level 20 in Fighting
 13161 | Orc:1    | Entered Level 1 of the Orcish Mines
 13174 | Orc:1    | Noticed Erica
 13182 | Orc:1    | Killed Erica
 13306 | Orc:1    | Received a gift from Nemelex Xobeh
 13356 | Orc:1    | Found Doteof's Jewellery Shop.
 13717 | Lair:1   | Entered Level 1 of the Lair of Beasts
 13756 | Lair:1   | a yak changed into an entropy weaver
 13756 | Lair:1   | Noticed an entropy weaver
 13757 | Lair:1   | an entropy weaver changed into an ogre
 13972 | Lair:1   | Noticed a skyshark
 13983 | Lair:1   | Killed a skyshark
 14131 | Lair:1   | Reached skill level 21 in Fighting
 14274 | Lair:1   | Noticed an eight-headed hydra
 14288 | Lair:1   | Killed an eight-headed hydra
 14330 | Lair:1   | Received a gift from Nemelex Xobeh
 14429 | Lair:1   | Identified the +5 ring mail of Broken Taboos {rPois Str+4}
 14868 | Lair:2   | Noticed a five-headed hydra
 14878 | Lair:2   | Killed a five-headed hydra
 14879 | Lair:2   | Reached XP level 13. HP: 71/104 MP: 13/13
 14958 | Lair:2   | Received a gift from Nemelex Xobeh
 15078 | Lair:2   | Found a staircase to the Swamp.
 15131 | Swamp:1  | Entered Level 1 of the Swamp
 15217 | Swamp:1  | Noticed an eleionoma
 15254 | Swamp:1  | an eleionoma changed into an azure jelly
 15254 | Swamp:1  | Noticed an azure jelly
 15269 | Swamp:1  | Slain by an azure jelly

Illustrated notes

Levels and vault maps discovered:
D:1:      scummos_arrival_checkerplants, layout_rooms, st_stairs_2
D:2:      layout_basic, minmay_misc_feat_pillars, minmay_tiny_reverse_x,
          uniq_jessica
D:3:      layout_loops_ring, hellmonk_ghost_happy_afterlife,
          dreamdust_ecumenical_altar_drowned_temple, serial_glass,
          glass_columns_a, glass_columns_b, glass_columns_a, glass_columns_a,
          glass_columns_a, glass_columns_b, feat_on_display
D:4:      minmay_evil_eye, layout_loops_ring,
          minmay_temple_entry_drinking_statues, serial_shops, shop, shop,
          kennysheep_mini, nicolae_shop_pleasant_corner_grove,
          minmay_misc_feat_five
D:5:      layout_layer_cave, marbit_many_paths
D:6:      layout_loops_ring, fedhas_altar_fruit_tree, serial_undead,
          serial_undead_f, serial_undead_c, serial_undead_a, serial_undead_c,
          uniq_pikel
D:7:      layout_cave_pools
D:8:      layout_layer_cave, nicolae_hepliaklqana_hippocampus, minitemple,
          enter_bailey_1, nicolae_transporter_intersection, uniq_prince_ribbit1
D:9:      layout_gridville, trog_antimagical, nicolae_wu_jian_glorious_leap,
          hellmonk_guarded_unrand_lears
D:10:     layout_gridville, nrook_loot_triangle, dreamdust_gnoll_shepherd
D:11:     layout_loops_cross, lair_entry_dummy, erik_orc_1,
          minmay_misc_feat_chi, minmay_unpleasant_kobolds
Temple:   dshaligram_water_room_temple
Lair:1:   layout_loops_ring
Lair:2:   layout_loops_ring, swamp_mist, uniq_sonja
Swamp:1:  layout_falls_marsh, ebering_ghost_disaster_area, serial_swamp_ruin,
          evilmike_swamp_ruin_house_1, hangedman_swamp_ruin_wall,
          evilmike_swamp_ruin_house_6, infiniplex_staircase_pool_2
Orc:1:    layout_diamond_mine, basic_altar, serial_shops, shop,
          nicolae_orc_pool_cavern, uniq_erica, uniq_harold

Skill      XL: |  1  2  3  4  5  6  7  8  9 10 11 12 |
---------------+-------------------------------------+-----
Fighting       | 4 5 6 7 8 9 11 13 15 19 21 | 21.6
Staves         | 2 4 6 8 10 11 | 11.8
Maces & Flails | |  2.0
Armour         | |  3.2
Shields        | |  3.2

Action                     |  1- 3 |  4- 6 |  7- 9 | 10-12 | 13-15 || total
---------------------------+-------+-------+-------+-------+-------++-------
  Melee: Trident           |    88 |    51 |       |       |       ||   139
         Short sword       |     7 |       |       |       |       ||     7
         Mace              |       |   162 |       |       |       ||   162
         Whip              |       |    72 |    10 |       |       ||    82
         Quarterstaff      |       |       |   222 |   667 |    69 ||   958
  Throw: Stone             |       |     1 |       |       |       ||     1
 Invoke: Draw Destruction  |       |       |     4 |    25 |     4 ||    33
         Draw Summoning    |       |       |     1 |     5 |     1 ||     7
         Draw Escape       |       |       |     1 |       |       ||     1
    Use: Scroll            |       |     6 |     1 |     7 |       ||    14
         Potion            |       |     4 |       |       |       ||     4
   Stab: Confused          |       |       |       |     2 |       ||     2
         Distracted        |       |       |       |     1 |       ||     1
 Armour: Scale mail        |    68 |   220 |    30 |       |       ||   318
         Skin              |       |       |     4 |       |       ||     4
         Chain mail        |       |       |   189 |    79 |       ||   268
         Plate armour      |       |       |     5 |   576 |    82 ||   663
  Dodge: Dodged            |    55 |   188 |   131 |   228 |    19 ||   621
  Block: Buckler           |    27 |    87 |       |       |       ||   114
